 Dungeon Crawl Stone Soup version 0.24.0-123-gd5b16e6ec5 (webtiles) character file.

Game seed: 8203965364684674825, levelgen mode: deterministic

886 Delamore the Basher (level 8, 0/58 HPs)
             Began as a Formicid Fighter on Jan 7, 2020.
             Was an Initiate of Okawaru.
             Killed by divine providence
             ... invoked by an orc priest
              (12 damage)
             ... on level 5 of the Dungeon.
             The game lasted 00:04:23 (4034 turns).

Delamore the Basher (Formicid Fighter)              Turns: 4034, Time: 00:04:24

Health: 0/58       AC:  8    Str: 24    XL:     8   Next: 26%
Magic:  8/8        EV:  8    Int:  7    God:    Okawaru [......]
Gold:   299        SH:  9    Dex: 10    Spells: 7/7 levels left

rFire    . . .     SeeInvis +   x - +0 mace
rCold    . . .     Gourm    .   c - +0 shield
rNeg     . . .     Faith    .   b - +0 scale mail
rPois    .         Spirit   .   (helmet unavailable)
rElec    .         Reflect  .   m - +0 cloak
rCorr    .         Harm     .   (no gloves)
MR       .....                  (no boots)
Stlth    +.........             (no amulet)
HPRegen  0.19/turn              k - ring of stealth
MPRegen  0.11/turn              (no ring)

@: studying Maces & Flails
A: permanent stasis, dig shafts and tunnels, four strong arms, antennae 3
a: Dig, Shaft Self, Renounce Religion


You were on level 5 of the Dungeon.
You worshipped Okawaru.
Okawaru was noncommittal.
You were not hungry.

You visited 2 branches of the dungeon, and saw 6 of its levels.

You collected 299 gold pieces.

Inventory:

Hand Weapons
 a - a +0 war axe
 x - a +0 mace (weapon)
Armour
 b - a +0 scale mail (worn)
 c - a +0 shield (worn)
 m - a +0 cloak (worn)
Jewellery
 k - a ring of stealth (left hand)
 o - an uncursed ring of protection from fire
 s - an uncursed ring of ice
Wands
 w - a wand of enslavement (8)
Scrolls
 g - 2 scrolls of identify
 h - a scroll of fog {unknown}
 i - a scroll of immolation {unknown}
 j - a scroll of blinking {unknown}
 l - 3 scrolls of amnesia
 n - 2 scrolls of remove curse
 q - 2 scrolls of magic mapping {unknown}
 r - a scroll of teleportation {unknown}
 v - 2 scrolls of enchant weapon {unknown}
Potions
 d - 3 potions of might
 e - 3 potions of brilliance {unknown}
 t - a potion of mutation
 z - 2 potions of curing {unknown}
 A - a potion of ambrosia {unknown}
Books
 u - a manual of Maces & Flails
Comestibles
 f - 8 rations


   Skills:
 + Level 3.4 Fighting
 - Level 6.4(8.6) Axes
 + Level 8.8(9.7) Maces & Flails
 - Level 3.2 Armour
 - Level 3.6 Shields


You had 7 spell levels left.
You didn't know any spells.
Your spell library was empty.

Dungeon Overview and Level Annotations

Branches:
Dungeon (5/15)             Temple (1/1) D:5

Altars:
Fedhas
Makhleb
Okawaru
Ru
Uskayaw
Wu Jian
Xom
Zin
The Shining One


Innate Abilities, Weirdness & Mutations

You cannot be hasted, slowed, berserked, paralysed or teleported.
You can dig through walls and to a lower floor.
Your four strong arms can wield two-handed weapons with a shield.
You have a pair of large antennae on your head. (SInv)


Message History

You are too injured to fight recklessly!
You are too injured to fight recklessly!
You are too injured to fight recklessly!
You are too injured to fight recklessly!
You are too injured to fight recklessly!
You are too injured to fight recklessly!
You are too injured to fight recklessly!
You are too injured to fight recklessly!
You are too injured to fight recklessly!
You are too injured to fight recklessly!
You are too injured to fight recklessly!
You are too injured to fight recklessly!
Unknown command.
The orc priest invokes the aid of Beogh against you.
Beogh smites you!
* * * LOW HITPOINT WARNING * * *
The orc priest looks braver for a moment.
The orc priest invokes the aid of Beogh against you.
Beogh smites you!
You die...

#.#.# #...#.##.# #...........#
#.#.# #...#.##o####...........#
#.#.# #...#.#.....)............
#.#.# ...#..##.#..........
#.#.#######.#..##.#..........
#.............o..............
####.........#.o...###.#######
#.........##.##.##.###.#########
#..#.####.##.##@##.............#
#.........##.##.######.#.......#
#............##.# #.#.......#
#..#####..##.##.######..........
#....###..##.#.........#.####...
#..#.##......#.........#........
##..#.###...............######...
.......<...##.#..................
##......................######...


You could see an orc priest and 2 orcs.

Vanquished Creatures
  3 ogres (D:5)
  A scorpion (D:5)
  A crimson imp (D:5)
  A centaur zombie (D:5)
  3 orc priests
  A bullfrog skeleton (D:4)
  3 jellies
  4 orc wizards
  8 gnolls
  4 adders
  An ooze (D:5)
  A worm (D:3)
  A dart slug (D:1)
  2 leopard geckos (D:2)
  16 orcs
  A ball python (D:3)
  9 bats
  5 giant cockroaches
  2 goblins
  6 hobgoblins
  An iguana (D:2)
  6 kobolds
  4 quokkas
  5 frilled lizards
  A leopard gecko skeleton (D:5)
  7 rats
97 creatures vanquished.

Notes
Turn   | Place    | Note
-------+----------+-------------------------------------------
     0 | D:1      | Delamore the Formicid Fighter began the quest for the Orb.
     0 | D:1      | Reached XP level 1. HP: 18/18 MP: 1/1
   153 | D:1      | Reached XP level 2. HP: 24/24 MP: 2/2
   700 | D:2      | Reached XP level 3. HP: 27/29 MP: 3/3
   733 | D:2      | Reached XP level 4. HP: 24/35 MP: 4/4
   749 | D:2      | Found a shimmering altar of Xom.
  1034 | D:2      | Reached XP level 5. HP: 28/41 MP: 5/5
  1550 | D:3      | Reached skill level 5 in Axes
  1804 | D:3      | Reached XP level 6. HP: 47/47 MP: 6/6
  2153 | D:4      | Reached skill level 1 in Maces & Flails
  2162 | D:4      | Reached skill level 2 in Maces & Flails
  2215 | D:4      | Reached skill level 3 in Maces & Flails
  2215 | D:4      | Reached XP level 7. HP: 25/52 MP: 7/7
  2219 | D:4      | Reached skill level 4 in Maces & Flails
  2826 | D:5      | Entered Level 5 of the Dungeon
  2870 | D:5      | HP: 1/52 [ogre/+0 giant club (10)]
  2874 | D:5      | Reached skill level 5 in Maces & Flails
  3121 | D:5      | Found a staircase to the Ecumenical Temple.
  3135 | D:5      | Reached skill level 6 in Maces & Flails
  3146 | Temple   | Entered the Ecumenical Temple
  3290 | Temple   | Became a worshipper of Warmaster Okawaru
  3354 | D:5      | Reached skill level 7 in Maces & Flails
  3594 | D:5      | Reached XP level 8. HP: 58/58 MP: 8/8
  3601 | D:5      | Reached skill level 8 in Maces & Flails
  4034 | D:5      | Killed from afar by an orc priest

Levels and vault maps discovered:
D:1:      matt_arrival_spirals, layout_loops_ring, minmay_fountain_box
D:2:      layout_loops_ring, first_ration, dk_xom_monty_hall
D:3:      layout_rooms
D:4:      layout_rooms, kennysheep_cross_room, minmay_manual_mess
D:5:      layout_basic, minmay_temple_entry_stoned_glass
Temple:   nicolae_temple_figure_eight

Skill      XL: |  1  2  3  4  5  6  7  8 |
---------------+-------------------------+-----
Axes           | 3 4 5 6 |  6.4
Maces & Flails | 3 7 8 |  8.8
Fighting       | |  3.4
Armour         | |  3.2
Shields        | |  3.6

Action                   |  1- 3 |  4- 6 |  7- 9 || total
-------------------------+-------+-------+-------++-------
Melee: War axe           |    52 |   173 |     2 ||   227
       Mace              |       |       |   123 ||   123
  Use: Potion            |       |     1 |     1 ||     2
       Scroll            |       |       |     3 ||     3
  Eat: Chunk             |       |     5 |     5 ||    10
Armor: Scale mail        |    18 |    84 |    35 ||   137
Dodge: Dodged            |    11 |    76 |    34 ||   121
Block: Shield            |    21 |   111 |    62 ||   194
